 Dungeon Crawl Stone Soup version 0.16-a0-3300-g0332368 (webtiles) character file.

13 Ololoev the Poker (level 2, 0/24 HPs)
             Began as a Merfolk Abyssal Knight on Dec 25, 2014.
             Was a Follower of Lugonu.
             Slain by a jackal (2 damage)
             ... on level 1 of the Dungeon.
             The game lasted 00:02:30 (348 turns).

Ololoev the Poker (Merfolk Abyssal Knight)           Turns: 348, Time: 00:02:30

Health: 0/24       AC:  8    Str: 12    XL:     2   Next: 37%
Magic:  2/2        EV:  6    Int: 11    God:    Lugonu [*.....]
Gold:   10         SH:  0    Dex: 13    Spells: 0 memorised, 1 level left

rFire  . . .     SeeInvis .     a - +1 spear
rCold  . . .     Clarity  .     g - +0 chain mail
rNeg   . . .     SustAb   .     (no shield)
rPois  .         Gourm    .     (no helmet)
rElec  .         Spirit   .     (no cloak)
rCorr  .         Warding  .     (no gloves)
rMut   .         Stasis   .     (no boots)
MR     .....                    (no amulet)
Stlth  ..........               (no ring)
                                (no ring)

@: not resistant to hostile enchantments, extremely unstealthy
A: change form in water, swift swim
a: Depart the Abyss, Renounce Religion


You were on level 1 of the Dungeon.
You worshipped Lugonu.
Lugonu was aware of your devotion.
You were not hungry.

You visited 1 branch of the dungeon, and saw 1 of its levels.
You visited the Abyss 1 time.

You collected 10 gold pieces.

Notes
Turn   | Place    | Note
--------------------------------------------------------------
     0 | Abyss:1  | Ololoev, the Merfolk Abyssal Knight, began the quest for the Orb.
     0 | Abyss:1  | Reached XP level 1. HP: 18/18 MP: 1/1
    24 | Abyss:1  | Noticed a worldbinder
    25 | Abyss:1  | Noticed an orc priest
    26 | Abyss:1  | Noticed a wretched star
    29 | Abyss:1  | Noticed an orc priest
    30 | Abyss:1  | Noticed a raiju
    30 | D:1      | Escaped the Abyss
   218 | D:1      | Acquired Lugonu's first power
   305 | D:1      | Reached XP level 2. HP: 8/24 MP: 2/2
   323 | D:1      | Reached skill level 1 in Armour
   346 | D:1      | Reached skill level 4 in Polearms
   348 | D:1      | Slain by a jackal

Inventory:

Hand weapons
 a - a +1 spear (weapon)
Armour
 g - a +0 chain mail (worn)
Scrolls
 d - a scroll of fog {unknown}
 e - 2 scrolls of identify {unknown}
 f - 2 scrolls of remove curse {unknown}
 i - a scroll of blinking {unknown}
 j - a scroll of enchant armour {unknown}
Potions
 b - a potion of curing {unknown}
 h - a potion of mutation {unknown}
Comestibles
 c - a bread ration

Table legend:
 A = Turns spent in this place as a percentage of turns spent in the entire game.
 B = Non-inter-level travel turns spent in this place as a percentage of non-inter-level travel turns spent in the entire game.
 C = Inter-level travel turns spent in this place as a percentage of turns spent in this place.
 D = Turns resting spent in this place as a percentage of non-inter-level travel turns spent in this place.
 E = Turns spent auto-exploring this place as a percentage of non-inter-level travel turns spent in this place.
 F = Non-inter-level travel turns spent in this place divided by the number of levels of this place that you've seen.
                   A       B       C       D       E      F
               +-------+-------+-------+-------+-------+----------------------
         Total | 100.0 | 100.0 |   0.0 |   0.0 |  10.2 |  93.5
       Dungeon |  84.0 |  84.0 |   0.0 |   0.0 |  12.1 | 157.0
         Abyss |  16.0 |  16.0 |   0.0 |   0.0 |   0.0 |  30.0
               +-------+-------+-------+-------+-------+----------------------


   Skills:
 - Level 3.2 Fighting
 * Level 4.0 Polearms
 + Level 1.1 Armour
 - Level 2.6 Dodging
 - Level 2.0 Invocations


You had one spell level left.
You didn't know any spells.

Dungeon Overview and Level Annotations

Branches:
Dungeon (1/15)

Altars:


Message History

You hit the jackal but do no damage.
The jackal is severely wounded.
The jackal bites you but does no damage.
The jackal bites you.
Your chain mail prevents you from hitting the jackal.
The jackal is severely wounded.
The jackal bites you but does no damage.
You closely miss the jackal.
The jackal is severely wounded.
The jackal bites you but does no damage.
Your chain mail prevents you from hitting the jackal.
The jackal is severely wounded.
The jackal bites you but does no damage.
You completely miss the jackal.
The jackal is severely wounded.
The jackal bites you but does no damage.
You hit the jackal.
The jackal is severely wounded.
The jackal bites you.
The jackal bites you but does no damage.
Your chain mail prevents you from hitting the jackal.
The jackal is severely wounded.
The jackal bites you but does no damage.
You closely miss the jackal.
The jackal is severely wounded.
The jackal bites you but does no damage.
You hit the jackal but do no damage.
The jackal is severely wounded.
The jackal bites you but does no damage.
You puncture the jackal!
You kill the jackal!
Lugonu accepts your kill.
Your Polearms skill increases to level 4!
You hit the jackal.
The jackal is heavily wounded.
The jackal bites you.
You hit the jackal.
The jackal is severely wounded.
The jackal bites you.
You die...

.......#
#.#.#..##...#.....#.
.......#
#.#.#...#.......(...
......##
#.#.#.#.#.........(.
.......
..#.#.#...#.........
#######
###.#.##.##.#.#######
#.#.................
#.####..#.#.#######.
#.#####.#.#.........
#.((h@......########
#..####.#)..#
#..#........#
#.K#.##..#..######
....h.h†.#.............#
...####.#####..#.####.####
# ... #.).#.......... ..#
#.#..#.###.#### ....
#.#.....#


You could see a jackal.

Table legend:
 A = Kills in this place as a percentage of kills in entire the game.
 B = Kills by you in this place as a percentage of kills by you in the entire game.
 C = Kills by friends in this place as a percentage of kills by friends in the entire game.
 D = Other kills in this place as a percentage of other kills in the entire game.
 E = Experience gained in this place as a percentage of experience gained in the entire game.
 F = Experience gained in this place divided by the number of levels of this place that you have seen.
                   A       B       C       D       E      F
               +-------+-------+-------+-------+-------+----------------------
         Total | 100.0 | 100.0 |  -nan |  -nan | 100.0 |   9.5
       Dungeon | 100.0 | 100.0 |  -nan |  -nan | 100.0 |  19.0
               +-------+-------+-------+-------+-------+----------------------

Vanquished Creatures
  A hobgoblin (D:1)
  6 jackals (D:1)
  2 kobolds (D:1)
  A goblin (D:1)
  2 rats (D:1)
12 creatures vanquished.

Action                   || total
-------------------------++-------
Melee: Spear             ||    81
Invok: Depart the Abyss  ||     1

Vault maps used:
D:1:      dpeg_arrival_line_fractal, roderic_whirl, serial_bayou_lagoon_b
